 Dungeon Crawl Stone Soup version 0.29.1-13-g9f3cf754e1 (webtiles) character file.

Game seed: 18345725821484751152

6395 bjubeck the Cleaver (level 10, -1/93 HPs)
             Began as a Minotaur Fighter on Jan 29, 2023.
             Was a Believer of Makhleb.
             Slain by a seven-headed hydra (11 damage)
             ... on level 8 of the Dungeon.
             The game lasted 00:38:54 (10178 turns).

bjubeck the Cleaver (Minotaur Fighter)             Turns: 10178, Time: 00:38:54

Health: -1/93      AC: 10    Str: 25    XL:     10   Next: 66%
Magic:  0/12       EV: 13    Int:  5    God:    Makhleb [**....]
Gold:   420        SH:  5    Dex: 10    Spells: 9/9 levels left

rFire   . . .      SeeInvis .   A - +2 war axe (elec)
rCold   . . .      Faith    .   c - +0 buckler
rNeg    . . .      Spirit   +   x - +2 leather armour {Will+}
rPois   .          Reflect  .   (helmet restricted)
rElec   .          Harm     .   (no cloak)
rCorr   .          Rampage  .   z - +2 pair of gloves
Will    +....                   e - +0 pair of boots
Stlth   +.........              E - amulet of guardian spirit
HPRegen 0.25/turn               (no ring)
MPRegen 0.13/turn               (no ring)

@: no status effects
A: horns 2, retaliatory headbutt
a: Renounce Religion, Minor Destruction


You were on level 8 of the Dungeon.
You worshipped Makhleb.
Makhleb was pleased with you.
You visited 2 branches of the dungeon, and saw 9 of its levels.

You collected 593 gold pieces.
You spent 173 gold pieces at shops.

Inventory:

Hand Weapons
 A - a +2 war axe of electrocution (weapon)
 R - a +2 dagger of speed
 S - a +6 dagger
 U - a +2 hand axe of freezing
 V - a +0 shortbow
 X - a +1 vorpal mace
Missiles
 L - 3 curare-tipped darts (quivered)
 M - 32 poisoned darts
Armour
 c - a +0 buckler (worn)
 e - a +0 pair of boots (worn)
 x - a +2 leather armour of willpower (worn)
 z - a +2 pair of gloves (worn)
 H - a +0 plate armour
 N - a +2 robe of fire resistance
Magical Staves
 m - a staff of earth
 t - a staff of poison
 J - a staff of fire
Jewellery
 E - an amulet of guardian spirit (around neck)
Wands
 w - a wand of mindburst (9)
 P - a wand of iceblast (6)
 Q - a wand of flame (21)
Scrolls
 a - a scroll of vulnerability {unknown}
 b - a scroll of torment {unknown}
 h - 3 scrolls of blinking {unknown}
 i - 2 scrolls of summoning {unknown}
 j - 8 scrolls of identify
 l - 3 scrolls of enchant weapon {unknown}
 n - a scroll of noise {unknown}
 o - 3 scrolls of teleportation {unknown}
 p - 4 scrolls of fear {unknown}
 s - 2 scrolls of fog {unknown}
 y - 3 scrolls of magic mapping {unknown}
 B - 2 scrolls of enchant armour {unknown}
 C - a scroll of poison {unknown}
 F - 2 scrolls of amnesia {unknown}
 O - a scroll of acquirement {unknown}
Potions
 d - a potion of might
 f - 4 potions of ambrosia
 g - a potion of mutation {unknown}
 k - a potion of lignification
 q - a potion of cancellation {unknown}
 r - 2 potions of heal wounds
 u - 3 potions of curing {unknown}
 v - a potion of resistance {unknown}
 D - 3 potions of haste {unknown}
 G - 3 potions of flight {unknown}
 I - 2 potions of attraction {unknown}
 K - a potion of brilliance {unknown}
 T - a potion of berserk rage {unknown}


   Skills:
 * Level 9.9 Fighting
 + Level 11.5 Axes
 * Level 8.0 Armour
 + Level 5.5 Dodging
 - Level 0.1 Stealth
 * Level 7.5 Shields
 * Level 4.8 Invocations


You had 9 spell levels left.
You didn't know any spells.
Your spell library contained the following spells:

 Spells                   Type           Power      Damage    Failure   Level
 Beastly Appendage        Tmut           0%         N/A       58%         1
 Ensorcelled Hibernation  Hex/Ice        0%         N/A       75%         2
 Passwall                 Tmut/Erth      0%         N/A       75%         2
 Wereblood                Tmut           0%         N/A       75%         2
 Spider Form              Tmut/Pois      0%         N/A       92%         3
 Swiftness                Air            0%         N/A       92%         3
 Animate Armour           Summ/Erth      0%         N/A       100%        4
 Blade Hands              Tmut           0%         N/A       100%        5
 Iron Shot                Conj/Erth      0%         9d1       100%        6


Dungeon Overview and Level Annotations

Branches:
Dungeon (8/15)             Temple (1/1) D:5
   Lair: D:8-11

Altars:
Ashenzari
Cheibriados
Dithmenos
Elyvilon
Fedhas
Gozag
Makhleb
Nemelex Xobeh
Okawaru
Qazlal
Sif Muna
Trog
Uskayaw
Vehumet
Wu Jian
Xom
Yredelemnul
Zin
The Shining One

Shops:
D:2 [   D:5 :   D:6 ?!*


Innate Abilities, Weirdness & Mutations

You have a pair of horns on your head.
You reflexively headbutt those who attack you in melee.


Message History

The seven-headed hydra barely misses you.
The seven-headed hydra closely misses you.
The seven-headed hydra bites you!
* * * LOW HITPOINT WARNING * * *
The seven-headed hydra barely misses you.
The seven-headed hydra bites you but does no damage.
The seven-headed hydra closely misses you.
You feel much better.
The seven-headed hydra bites you but does no damage.
The seven-headed hydra bites you.
You block the seven-headed hydra's attack. x2
The seven-headed hydra bites you.
The seven-headed hydra completely misses you.
The seven-headed hydra bites you.
You feel much better. The seven-headed hydra bites you.
The seven-headed hydra closely misses you.
The seven-headed hydra bites you.
The seven-headed hydra bites you but does no damage.
You block the seven-headed hydra's attack.
The seven-headed hydra bites you.
The seven-headed hydra bites you but does no damage.
Unknown command.
You barely miss the seven-headed hydra. You headbutt the seven-headed hydra.
The seven-headed hydra is moderately wounded.
The seven-headed hydra bites you but does no damage.
The seven-headed hydra bites you.
The seven-headed hydra bites you but does no damage. x2
The seven-headed hydra bites you! The seven-headed hydra bites you.
* * * LOW HITPOINT WARNING * * *
The seven-headed hydra bites you but does no damage.
You hear the crackle of electricity.
A - a +2 war axe of electrocution (weapon)
The seven-headed hydra bites you!
* * * LOW HITPOINT WARNING * * *
The seven-headed hydra bites you but does no damage. x2
The seven-headed hydra bites you.
* * * LOW HITPOINT WARNING * * *
You block the seven-headed hydra's attack.
The seven-headed hydra bites you!
You die...

.......#### #...(.....B)..##.....
#.....## #.##)##.##.##.##.....
#....## ##### #.#####.#####.##.#
.....# [.$ ... #(...# #.##.#
#....## #.#####.# ########.##)#
#....##.##.##.##.##/# ##..#..)
.....##..))[........# ####...#.)#
.....##$##†##.##D##.# #......#..#
#..#### ##.#####@# #......)).#
.....## #...##$..$# #..........
#.....####.######## #..#..#.)..
.......###'############.....#.#..
#..................).....).......
#...#...###.#.####...............
........# #.#....................
#..##.#.# #.#.####..######..#...#
...##.#.###.#.####..##...#......#


You could see a seven-headed hydra.

Vanquished Creatures
  A boulder beetle (D:8)
  A manticore (D:8)
  A cyclops (D:8)
  2 efreet (D:8)
  A troll (D:8)
  A shadow (D:8)
  Sigmund (D:6)
  A wraith (D:8)
  A vampire mosquito (D:8)
  Menkaure (D:5)
  4 water moccasins
  A black bear (D:5)
  2 sky beasts
  An ogre (D:6)
  2 centaurs (D:7)
  A phantom (D:7)
  6 kobold brigands
  Blork the orc (D:6)
  2 necrophages
  3 bullfrogs
  4 scorpions
  9 killer bees
  3 electric eels (D:6)
  A howler monkey (D:6)
  4 hounds
  4 jellies
  Crazy Yiuf (D:6)
  A gnoll bouda (D:8)
  5 orc priests
  Natasha (thrice) (D:4)
  Ijyb (D:3)
  2 iguanas
  6 orc wizards
  Robin (D:4)
  7 adders
  6 gnolls (D:8)
  A shadow imp (D:5)
  2 white imps
  3 worms
  24 orcs
  8 ball pythons
  10 endoplasms
  3 giant cockroaches
  12 goblins
  12 hobgoblins
  4 jackals (D:1)
  22 kobolds
  6 quokkas
  6 bats
  5 frilled lizards
  4 rats
214 creatures vanquished.

Vanquished Creatures (others)
  2 plants (D:1)
2 creatures vanquished.

Grand Total: 216 creatures vanquished

Notes
Turn   | Place    | Note
-------+----------+-------------------------------------------
     0 | D:1      | bjubeck the Minotaur Fighter began the quest for the Orb.
     0 | D:1      | Reached XP level 1. HP: 19/19 MP: 0/0
   185 | D:1      | Reached XP level 2. HP: 27/27 MP: 1/1
   779 | D:1      | Reached XP level 3. HP: 33/33 MP: 2/2
  1484 | D:2      | Reached skill level 3 in Axes
  1484 | D:2      | Reached skill level 1 in Dodging
  1484 | D:2      | Reached XP level 4. HP: 36/41 MP: 3/3
  1834 | D:2      | Found Fypauten's Antique Armour Emporium.
  2113 | D:3      | Noticed Ijyb
  2132 | D:3      | Killed Ijyb
  2133 | D:3      | Reached skill level 4 in Axes
  2133 | D:3      | Reached XP level 5. HP: 18/47 MP: 4/4
  2406 | D:3      | Found a faded altar of an unknown god.
  3321 | D:4      | Reached skill level 5 in Fighting
  3321 | D:4      | Reached skill level 5 in Axes
  3321 | D:4      | Reached XP level 6. HP: 56/56 MP: 5/5
  3472 | D:4      | Noticed Natasha
  3487 | D:4      | Killed Natasha
  3488 | D:4      | Reached skill level 5 in Armour
  3497 | D:4      | Noticed Natasha
  3503 | D:4      | Killed Natasha
  3667 | D:4      | Noticed Robin
  3675 | D:4      | Killed Robin
  3838 | D:4      | Noticed Natasha
  3845 | D:4      | Killed Natasha
  3874 | D:5      | Entered Level 5 of the Dungeon
  3874 | D:5      | Noticed a sky beast
  3888 | D:5      | Killed a sky beast
  3889 | D:5      | Reached skill level 6 in Axes
  3889 | D:5      | Reached XP level 7. HP: 25/62 MP: 2/6
  4310 | D:5      | Found Cokk's Tremendous Tomes.
  4353 | D:5      | Noticed Menkaure
  4357 | D:5      | Killed Menkaure
  4358 | D:5      | Reached skill level 7 in Axes
  4666 | D:5      | Reached XP level 8. HP: 62/71 MP: 5/7
  4674 | D:5      | Reached skill level 8 in Axes
  4855 | D:5      | Found a staircase to the Ecumenical Temple.
  4864 | Temple   | Entered the Ecumenical Temple
  4947 | Temple   | Became a worshipper of Makhleb the Destroyer
  5289 | D:6      | Found Uleoqips's Assorted Antiques.
  5298 | D:6      | Bought a potion of heal wounds for 85 gold pieces
  5384 | D:6      | Reached skill level 5 in Shields
  5391 | D:6      | Reached skill level 1 in Invocations
  5401 | D:6      | Noticed Blork the orc
  5416 | D:6      | Killed Blork the orc
  5433 | D:6      | Noticed Sigmund
  5442 | D:6      | Killed Sigmund
  5798 | D:6      | Reached XP level 9. HP: 45/81 MP: 5/9
  5981 | D:6      | Found Qozxokat's Distillery.
  6009 | D:6      | Bought a potion of heal wounds for 60 gold pieces
  6040 | D:6      | Reached skill level 9 in Axes
  6120 | D:6      | Found a runed translucent door.
  6121 | D:6      | Noticed Crazy Yiuf
  6125 | D:6      | Killed Crazy Yiuf
  6219 | D:6      | Found Tieduviose's Magic Scroll Shop.
  6225 | D:6      | Bought a scroll of identify for 28 gold pieces
  6429 | D:6      | Found a broken altar of Ashenzari.
  6429 | D:6      | Found a blossoming altar of Fedhas.
  7296 | D:7      | Reached * piety under Makhleb
  7542 | D:7      | Found a bloodstained altar of Trog.
  7746 | D:7      | Found a shadowy altar of Dithmenos.
  8865 | D:8      | Noticed an efreet
  8869 | D:8      | Reached skill level 10 in Axes
  8872 | D:8      | Killed an efreet
  8881 | D:8      | Noticed an efreet
  8885 | D:8      | Killed an efreet
  8950 | D:8      | Noticed a boulder beetle
  8959 | D:8      | Noticed a cyclops
  8963 | D:8      | Noticed a manticore
  8966 | D:8      | Killed a cyclops
  8967 | D:8      | Reached skill level 5 in Dodging
  8967 | D:8      | Reached XP level 10. HP: 34/91 MP: 5/12
  8969 | D:8      | Killed a manticore
  9004 | D:8      | Killed a boulder beetle
  9004 | D:8      | Reached ** piety under Makhleb
  9005 | D:8      | Reached skill level 11 in Axes
 10165 | D:8      | Noticed a seven-headed hydra
 10178 | D:8      | Slain by a seven-headed hydra

Illustrated notes

Levels and vault maps discovered:
D:1:      evilmike_arrival_plus, layout_basic, serial_forest,
          infiniplex_forest_clump_double, infiniplex_forest_lined_2,
          infiniplex_forest_straight_4, infiniplex_forest_end_3,
          infiniplex_forest_straight_2, infiniplex_forest_lined_corner,
          infiniplex_forest_lined_3, minmay_door_square, minmay_misc_feat_cross,
          minmay_cupped
D:2:      layout_loops_ring, serial_shops, shop, serial_park_tiny_1
D:3:      layout_basic, shapermc_ecumenical_altar_mp_highgroup, nrook_uturn,
          hex_tiny, dk_noncrumbling_3, uniq_ijyb
D:4:      layout_loops_cross, uniq_natasha, uniq_robin
D:5:      layout_loops_ring, lemuel_temple_firewalk_b,
          nicolae_shop_i_like_big_books, hangedman_decor_points, uniq_menkaure
D:6:      layout_loops_ring, nicolae_overflow_two_pavilions, serial_shops,
          nicolae_shop_statue_plus, nicolae_shop_overgrown_old_shop,
          nicolae_shop_trees, nrook_campfire, minmay_fractal_squares_gapless_5,
          uniq_crazy_yiuf_cottage, uniq_sigmund, uniq_blork_the_orc
D:7:      layout_layer_cave, grunt_dithmenos_shadows, trog_three_pillars_becter
D:8:      hangedman_cross_veins, layout_basic
Temple:   hellmonk_temple_two_chambers

Skill      XL: |  1  2  3  4  5  6  7  8  9 10 |
---------------+-------------------------------+-----
Fighting       | 4 5 6 7 9 |  9.9
Armour         | 4 5 6 7 8 |  8.0
Shields        | 4 5 6 7 |  7.5
Axes           | 3 4 5 6 7 8 10 11 | 11.5
Dodging        | 1 2 3 4 5 |  5.5
Invocations    | 2 4 |  4.8
Stealth        | |  0.1

Action                   |  1- 3 |  4- 6 |  7- 9 | 10-12 || total
-------------------------+-------+-------+-------+-------++-------
Melee: War axe           |    96 |   141 |   191 |    74 ||   502
       Headbutt          |    17 |    23 |    28 |    13 ||    81
       Mace              |       |       |       |     3 ||     3
Invok: Minor Destruction |       |       |       |     3 ||     3
  Use: Potion            |       |       |     4 |     2 ||     6
Armor: Scale mail        |    41 |    23 |       |       ||    64
       Leather armour    |       |    35 |    58 |    48 ||   141
Dodge: Dodged            |    53 |    46 |   107 |    49 ||   255
Block: Buckler           |    11 |    38 |    32 |    28 ||   109
